 Dungeon Crawl Stone Soup version 0.27.1-2-g3b301248ec (webtiles) character file.

Game seed: 5843919912369371173

77 SibleyIrresistible the Gusty (level 4, -7/24 HPs)
             Began as a Tengu Air Elementalist on Sept 26, 2021.
             Shot with an arrow by a centaur (12 damage)
             ... on level 3 of the Dungeon.
             The game lasted 00:07:03 (2253 turns).

SibleyIrresistible the Gusty (TeAE)                 Turns: 2253, Time: 00:07:03

Health: -7/24      AC:  4    Str: 15    XL:     4   Next: 34%
Magic:  6/8        EV: 12    Int: 16    God:
Gold:   78         SH:  0    Dex: 14    Spells: 4/7 levels left

rFire    . . .     SeeInvis .   (no weapon)
rCold    . . .     Faith    .   (no shield)
rNeg     . . .     Spirit   .   a - +0 robe
rPois    .         Reflect  .   (helmet restricted)
rElec    .         Harm     .   (no cloak)
rCorr    .         Rampage  .   e - +1 pair of gloves
Will     .....                  (boots unavailable)
Stlth    ++........             (no amulet)
HPRegen  0.08/turn              k - +6 ring of strength
MPRegen  0.11/turn              (no ring)

@: no status effects
A: beak, talons 3
a: no special abilities


You were on level 3 of the Dungeon.
You visited 1 branch of the dungeon, and saw 3 of its levels.

You collected 78 gold pieces.

Inventory:

Armour
 a - a +0 robe (worn)
 e - a +1 pair of gloves (worn)
Jewellery
 k - a +6 ring of strength (left hand)
Scrolls
 f - a scroll of enchant weapon {unknown}
 g - a scroll of enchant armour {unknown}
 i - a scroll of blinking {unknown}
 l - 2 scrolls of identify {unknown}
 n - a scroll of holy word {unknown}
Potions
 b - a potion of flight {unknown}
 c - 2 potions of cancellation {unknown}
 d - 3 potions of curing {unknown}
 h - a potion of resistance {unknown}
 j - 2 potions of berserk rage {unknown}
 m - a potion of magic {unknown}
 o - a potion of lignification {unknown}


   Skills:
 + Level 2.7 Dodging
 - Level 2.0 Stealth
 - Level 2.0 Spellcasting
 - Level 1.3 Conjurations
 + Level 6.3 Air Magic


You had 4 spell levels left.
You knew the following spells:

 Your Spells              Type           Power      Damage    Failure   Level
a - Shock                 Conj/Air       52%        1d6       4%          1
b - Static Discharge      Conj/Air       13%        N/A       6%          2

Your spell library contained the following spells:

 Spells                   Type           Power      Damage    Failure   Level
 Swiftness                Air            21%        N/A       4%          3
 Airstrike                Air            10%        N/A       16%         4
 Freeze                   Ice            4%         1d3       21%         1
 Frozen Ramparts          Ice            2%         1d2       52%         3
 Hailstorm                Conj/Ice       3%         3d3       83%         4


Dungeon Overview and Level Annotations

Branches:
Dungeon (3/15)

Altars:
Makhleb
Nemelex Xobeh
Sif Muna
Xom

Annotations:
D:3 1 transporter


Innate Abilities, Weirdness & Mutations

You have a beak for a mouth.
You have claws for feet.


Message History

There is a transporter here.
You enter the transporter and appear at another place.
The white imp shouts, "Face thy requiem, thou pandering rump-fed maggot-pie!"
The centaur shouts!
The centaur wields a +0 shortbow.
The centaur shoots an arrow.
The arrow hits you! The endoplasm closely misses you.
Found a scroll labelled WERHYLURCHAK and 11 stones.
Found three altars.
The endoplasm closely misses you. The endoplasm freezes you.
You are frozen.
Casting: Shock (safe; 4% risk of failure)
Confirm with . or Enter, or press ? or * to list all spells.
Aiming: Shock (safe; 4% risk of failure)
Press: ? - help, Shift-Dir - straight line The zap hits the white imp.
The white imp is moderately wounded.
The zap hits the white imp but does no damage.
The white imp is moderately wounded.
The centaur shouts!
The endoplasm misses you.
Casting: Shock (safe; 4% risk of failure)
Confirm with . or Enter, or press ? or * to list all spells.
Aiming: Shock (safe; 4% risk of failure)
Press: ? - help, Shift-Dir - straight line
Okay, then.
Casting: Shock (safe; 4% risk of failure)
Confirm with . or Enter, or press ? or * to list all spells.
Aiming: Shock (safe; 4% risk of failure)
Press: ? - help, Shift-Dir - straight line The zap hits the centaur.
The centaur is lightly wounded.
The zap hits the centaur.
The centaur is moderately wounded.
The endoplasm freezes you.
You are frozen.
* * * LOW HITPOINT WARNING * * *
The centaur shoots an arrow.
The arrow hits you!
Ouch! That really hurt!
You die...

############
##...........
#..#########.
#.##...c...##
#.#8@#...#.8#
##.#...#.#...#
########..#..5Jc..._#
#........©#..Z....._#
#.........#.......?_#
#.........#...#.#.(.#
##.........#8.#...#.8#
##..........##.......##
##............#########.


You could see 2 centaurs, a white imp, an endoplasm and a ball python skeleton.

Vanquished Creatures
  3 adders
  3 dart slugs
  5 endoplasms
  A giant cockroach (D:1)
  4 goblins (D:1)
  3 hobgoblins
  4 jackals (D:2)
  2 quokkas (D:2)
  3 ball pythons
  6 bats
  2 frilled lizards
  3 kobolds (D:1)
  5 rats
44 creatures vanquished.

Vanquished Creatures (others)
  A plant (D:2)
1 creature vanquished.

Grand Total: 45 creatures vanquished

Notes
Turn   | Place    | Note
-------+----------+-------------------------------------------
     0 | D:1      | SibleyIrresistible the Tengu Air Elementalist began the
                  | quest for the Orb.
     0 | D:1      | Reached XP level 1. HP: 10/10 MP: 4/4
   328 | D:1      | Reached XP level 2. HP: 11/15 MP: 1/6
   379 | D:1      | Learned a level 2 spell: Static Discharge
   476 | D:1      | Reached skill level 5 in Air Magic
   742 | D:1      | Reached XP level 3. HP: 19/19 MP: 1/7
  1253 | D:2      | Found a faded altar of an unknown god.
  1379 | D:2      | Reached skill level 6 in Air Magic
  1660 | D:2      | Reached XP level 4. HP: 24/24 MP: 1/8
  2027 | D:3      | Found a sparkling altar of Nemelex Xobeh.
  2164 | D:3      | Noticed a centaur
  2166 | D:3      | Noticed a centaur
  2239 | D:3      | Found a transporter.
  2246 | D:3      | Found a transporter.
  2248 | D:3      | Found a shimmering altar of Xom.
  2248 | D:3      | Found a shimmering blue altar of Sif Muna.
  2248 | D:3      | Found a burning altar of Makhleb.
  2253 | D:3      | Shot with an arrow by a centaur

Illustrated notes

Levels and vault maps discovered:
D:1:      kilobyte_arrival_exit_the_forest, layout_rooms, serial_curves,
          eino_curves_02, eino_curves_02
D:2:      layout_rooms, dreamdust_ecumenical_altar_grove, grunt_ministairs_6
D:3:      layout_rooms, nicolae_overflow_crystal_walls,
          gammafunk_temple_overflow_arena, chequers_serial_rivers_large_b

Skill      XL: |  1  2  3 |
---------------+----------+-----
Air Magic      | 5 6 |  6.3
Dodging        | |  2.7
Stealth        | |  2.0
Spellcasting   | |  2.0
Conjurations   | |  1.3

Action                   |  1- 3 |  4- 6 || total
-------------------------+-------+-------++-------
Melee: Unarmed           |    10 |       ||    10
       Peck              |     2 |       ||     2
       Kick              |     2 |       ||     2
 Cast: Shock             |    79 |    21 ||   100
Armor: Robe              |     5 |     1 ||     6
Dodge: Dodged            |    22 |     4 ||    26
